 Dungeon Crawl Stone Soup version 0.17-a0-1701-gf693a3f (webtiles) character file.

27528 wvc the Spry (level 13, -5/70 HPs)
             Began as a Spriggan Hunter on Aug 20, 2015.
             Was a Priest of Ashenzari.
             Slain by Maud
             ... wielding a +5 demon trident of venom
              (29 damage)
             ... on level 4 of the Lair of Beasts on Aug 21, 2015.
             The game lasted 01:47:03 (22612 turns).

wvc the Spry (Spriggan Hunter)                     Turns: 22612, Time: 01:47:03

Health: -5/70      AC:  9    Str:  8    XL:     13   Next: 4%
Magic:  14/14      EV: 35    Int: 18    God:    Ashenzari [***...]
Gold:   932        SH:  0    Dex: 18    Spells: 0 memorised, 12 levels left

rFire  . . .     SeeInvis +     r - +0 blowgun
rCold  . . .     Clarity  .     J - +0 troll leather armour (curse)
rNeg   + . .     SustAt   .     (shield restricted)
rPois  .         Gourm    .     A - +2 hat (curse)
rElec  .         Spirit   .     t - +1 cloak (curse)
rCorr  .         Warding  .     (gloves unavailable)
rMut   .         Stasis   .     (boots unavailable)
MR     ++...                    (no amulet)
Stlth  +++.......               (no ring)
                                S - ring of positive energy

@: lethally poisoned (-5 -> -6), very quick, very resistant to hostile
enchantments, fairly stealthy
A: unfitting armour, see invisible, clever 1, herbivore 3, speed 3, slow
metabolism 2
a: Scrying, Renounce Religion


You were on level 4 of the Lair of Beasts.
You worshipped Ashenzari.
Ashenzari was most pleased with you.
You were not hungry.

You visited 2 branches of the dungeon, and saw 16 of its levels.
You also visited: Sewer and Ossuary.

You collected 932 gold pieces.

Inventory:

Hand weapons
 a - a +2 hunting sling
 r - a +0 blowgun (weapon)
 W - a +2 dagger of venom
Missiles
 m - 122 stones
 y - 63 poisoned needles (quivered)
 D - 6 curare-tipped needles
Armour
 t - a cursed +1 cloak (worn)
 A - a cursed +2 hat (worn)
 J - a cursed +0 troll leather armour (worn)
Jewellery
 b - an uncursed amulet of stasis
 w - an uncursed ring of flight
 S - a ring of positive energy (left hand)
 U - an uncursed ring of sustain attributes
Magical devices
 K - a wand of polymorph (9)
 M - a wand of paralysis (5)
 N - a wand of draining (0)
 O - a wand of confusion (8)
 P - a wand of disintegration (4)
 V - a wand of invisibility (6)
 X - a wand of confusion (37)
 Y - a wand of confusion (26)
Scrolls
 c - 5 scrolls of amnesia
 d - 2 scrolls of holy word
 h - 6 scrolls of teleportation
 o - 2 scrolls of magic mapping
 p - 2 scrolls of noise
 q - 8 scrolls of remove curse
 u - 4 scrolls of immolation
 x - 2 scrolls of fog
 B - a scroll of enchant weapon
 E - a scroll of curse jewellery
 F - 2 scrolls of curse weapon
 I - a scroll of fear
Potions
 f - 4 potions of brilliance
 i - a potion of cancellation
 j - 7 potions of curing
 k - a potion of agility
 l - 3 potions of might
 n - a potion of resistance
 s - 2 potions of haste
 z - 7 potions of flight
 C - 3 potions of heal wounds
 G - a potion of berserk rage
 L - a potion of magic
 R - 3 potions of ambrosia
 T - a potion of cure mutation
Comestibles
 e - 8 bread rations
 Z - 24 fruits


   Skills:
 * Level 9.6 Fighting
 - Level 12.0 Slings
 + Level 4.7 Armour
 + Level 20.2(22.3) Dodging
 - Level 1.5(3.5) Stealth
 + Level 1.0 Evocations


You had 12 spell levels left.
You didn't know any spells.

Dungeon Overview and Level Annotations

Branches:
Dungeon (12/15)            Temple (0/1) D:6            Lair (4/8) D:11
    Orc (0/4) D:11
  Swamp: Lair:3-6    Shoals: Lair:3-6     Snake: Lair:3-6    Spider: Lair:3-6

Altars:
Ashenzari
Fedhas
Qazlal
Ru
Sif Muna
Xom
The Shining One

Shops:
D:4 }

Annotations:
Lair:1 Nergalle
Lair:4 Maud


Innate Abilities, Weirdness & Mutations

You are tiny and cannot use many weapons and most armour.
You have supernaturally acute eyesight.
You are a herbivore.
You cover ground extremely quickly.
You need consume almost no food.
Your mind is acute. (Int +2)


Message History

You feel sick.
You feel sick.
You feel sick.
You feel sick.
You see here a poisoned needle.
y - 62 poisoned needles (gained 1)
You feel sick.
Maud asks, "Will you think of me as you die?"
The wolf completely misses you.
You feel sick.
Things that are here:
a poisoned needle; a curare-tipped needle
D - 6 curare-tipped needles (gained 1);
y - 63 poisoned needles (gained 1)
You feel sick. The wolf misses you. The wolf completely misses you.
You see here a stone.
m - 122 stones (gained 1)
You feel sick. The wolf completely misses you.
Maud hits you from afar with a demon trident of venom!!
You die...

,
#....#P......####.#..##....
* ,
#######......##..####.#....
#.##PP....................
,
......P...................
......P...........(.......
,
............#.#..##(......
,,
..........h##..#####......
###.###....##.....##.....P
* *.# #.#.@h@.((((..#(...##
* *,*###^..##......(....##
* * ,#...........##...... ,
* , ##...#.(.....#....##
,,* #....#.####..(....# *
#P.......#...#...... , *
#...................
##.................. ,,
..................P.


You could see Maud and 2 wolves.

Vanquished Creatures
  2 hydras (Lair:1)
  Erolcha (D:9)
  An unseen horror (D:12)
  2 hill giants
  An orc knight (D:11)
  3 black mambas (Lair:3)
  2 manticores
  Maurice (D:10)
  Joseph (D:7)
  5 spiny frogs
  An elephant (D:11)
  2 gargoyles
  4 komodo dragons
  2 trolls
  10 blink frogs
  A deep elf mage (D:11)
  A wyvern (D:9)
  A shadow (D:11)
  5 hippogriffs
  A steam dragon (Lair:3)
  22 yaks
  17 wolves
  Duvessa (D:5)
  8 water moccasins
  5 porcupines
  3 orc warriors (D:10)
  5 ogres
  A slave (D:8)
  A black bear (D:8)
  A tengu (D:7)
  3 phantoms
  4 sky beasts
  3 crocodiles
  12 centaurs
  An eye of draining (D:10)
  2 big kobolds
  9 giant frogs
  A gnoll sergeant (D:7)
  A wyvern skeleton (D:7)
  A water moccasin zombie (D:8)
  3 scorpions
  Dowan (D:5)
  An electric eel (D:7)
  12 killer bees
  2 quasits
  16 wights
  2 jellies
  2 centaur skeletons (D:11)
  3 crimson imps
  15 orc wizards
  2 centaur zombies
  9 orc priests
  9 hounds
  2 giant frog skeletons
  8 worker ants
  8 iguanas
  5 big kobold zombies (Ossuary)
  6 sheep
  A hound zombie (D:8)
  A mummy (Ossuary)
  2 hound skeletons
  3 worker ant zombies
  20 river rats
  16 adders
  2 shadow imps
  15 gnolls
  3 oozes
  2 adder zombies (D:5)
  4 worms
  9 giant geckos
  54 orcs
  3 spectral bats (Ossuary)
  2 bat simulacra (Ossuary)
  7 gnoll zombies (Ossuary)
  12 goblins
  9 hobgoblins
  12 jackals
  14 kobolds
  6 quokkas
  11 bats
  6 giant cockroaches
  A giant cockroach zombie (D:3)
  A giant gecko skeleton (D:6)
  A giant gecko zombie (D:3)
  5 giant newts
  5 goblin simulacra (Ossuary)
  6 goblin zombies (Ossuary)
  7 hobgoblin zombies (Ossuary)
  3 kobold simulacra (Ossuary)
  4 kobold zombies
  2 orc zombies (Ossuary)
  2 quokka skeletons
  12 rats
  6 rat simulacra (Ossuary)
  A rat zombie (D:7)
  3 spectral goblins (Ossuary)
  3 fungi
  2 plants
532 creatures vanquished.

Vanquished Creatures (collateral kills)
  A hound (D:9)
1 creature vanquished.

Vanquished Creatures (others)
  A black bear (D:9)
  A fungus (Lair:1)
  A plant (Lair:3)
3 creatures vanquished.

Grand Total: 536 creatures vanquished

Notes
Turn   | Place    | Note
--------------------------------------------------------------
     0 | D:1      | wvc the Spriggan Hunter began the quest for the Orb.
     0 | D:1      | Reached XP level 1. HP: 10/10 MP: 2/2
    86 | D:1      | Reached skill level 5 in Slings
   244 | D:1      | Reached XP level 2. HP: 14/14 MP: 3/3
   652 | D:1      | Reached XP level 3. HP: 18/18 MP: 4/4
   747 | D:2      | Reached skill level 6 in Slings
   830 | D:2      | Reached XP level 4. HP: 22/22 MP: 5/5
  1057 | D:2      | Found a glowing golden altar of the Shining One.
  1306 | D:2      | Reached skill level 7 in Slings
  2176 | D:3      | Reached XP level 5. HP: 25/25 MP: 6/6
  2759 | D:3      | Reached skill level 8 in Slings
  3146 | D:3      | Found a blossoming altar of Fedhas.
  3148 | D:3      | Found a shimmering altar of Xom.
  3332 | D:4      | Reached XP level 6. HP: 24/30 MP: 7/7
  3350 | D:4      | Reached skill level 9 in Slings
  3577 | D:4      | Noticed a phantom
  3597 | D:4      | Killed a phantom
  3748 | D:4      | Found Xioru's Gadget Emporium.
  4165 | D:4      | Found a shattered altar of Ashenzari.
  4737 | D:4      | Became a worshipper of Ashenzari the Shackled
  4738 | D:4      | Gained mutation: Your mind is acute. (Int +2) [potion of beneficial mutation]
  4755 | D:5      | Entered Level 5 of the Dungeon
  4757 | D:5      | Reached XP level 7. HP: 33/33 MP: 8/8
  4777 | D:4      | Reached skill level 10 in Slings
  5098 | D:5      | Found a stormy altar of Qazlal.
  5212 | D:5      | Reached skill level 11 in Slings
  5231 | D:5      | Noticed Dowan
  5235 | D:5      | Noticed Duvessa
  5243 | D:5      | Killed Dowan
  5280 | D:5      | Killed Duvessa
  5320 | D:5      | Found a glowing drain.
  5345 | Sewer    | Entered a sewer
  5348 | Sewer    | Reached XP level 8. HP: 33/37 MP: 9/9
  5502 | Sewer    | Found a white marble altar of Elyvilon.
  5733 | D:6      | Reached skill level 12 in Slings
  5944 | D:6      | Reached skill level 5 in Dodging
  6107 | D:6      | Found a staircase to the Ecumenical Temple.
  6919 | D:7      | Reached XP level 9. HP: 46/46 MP: 10/10
  7085 | D:7      | Reached skill level 5 in Fighting
  7323 | D:7      | Noticed Joseph
  7346 | D:7      | Killed Joseph
  7722 | D:7      | Found a sand-covered staircase.
  7752 | Ossuary  | Entered an ossuary
  9796 | D:8      | Reached skill level 10 in Dodging
 10152 | D:8      | Reached XP level 10. HP: 53/53 MP: 11/11
 10800 | D:9      | Noticed Pikel
 10991 | D:9      | Noticed Erolcha
 11532 | D:9      | Killed Erolcha
 11690 | D:9      | Noticed Pikel
 11690 | D:9      | Pikel changed into Pikel the yak
 11710 | D:9      | Killed Pikel the yak
 11858 | D:9      | Acquired Ashenzari's first power
 11969 | D:10     | Entered Level 10 of the Dungeon
 12039 | D:9      | Reached skill level 13 in Dodging
 12494 | D:10     | Found a sacrificial altar of Ru.
 12494 | D:10     | Noticed a hill giant
 12522 | D:10     | Killed a hill giant
 12597 | D:10     | Noticed Maurice
 12618 | D:10     | Killed Maurice
 12618 | D:10     | Reached skill level 14 in Dodging
 12693 | D:10     | Found a deep blue altar of Sif Muna.
 12693 | D:10     | Noticed a manticore
 12728 | D:10     | Killed a manticore
 13263 | D:10     | Reached XP level 11. HP: 59/59 MP: 12/12
 13402 | D:10     | Reached skill level 15 in Dodging
 14046 | D:11     | Identified the cursed +1 robe "Tewaqoko" {Str+3} (You took it off a crimson imp on level 11 of the Dungeon)
 14291 | D:11     | Found a staircase to the Orcish Mines.
 14341 | D:11     | Reached skill level 1 in Armour
 14383 | D:11     | Found a staircase to the Lair.
 14383 | D:11     | Noticed an elephant
 14425 | D:11     | Killed an elephant
 14637 | D:11     | Noticed an orc knight
 14802 | D:11     | Reached skill level 16 in Dodging
 14813 | D:11     | Killed an orc knight
 14871 | D:11     | Identified the +6 chain mail of Repulsion {+Inv rC+ Dex+3} (You found it on level 8 of the Dungeon)
 15115 | D:11     | Upgraded the game from 0.17-a0-1691-g18a3847 to 0.17-a0-1701-gf693a3f
 15887 | D:12     | Noticed a hill giant
 15917 | D:11     | Killed a hill giant
 16153 | D:12     | Noticed an unseen horror
 16170 | D:12     | Killed an unseen horror
 16170 | D:12     | Reached skill level 17 in Dodging
 16654 | Lair:1   | Entered Level 1 of the Lair of Beasts
 16794 | Lair:1   | Reached XP level 12. HP: 65/65 MP: 13/13
 17124 | Lair:1   | Reached skill level 18 in Dodging
 17547 | Lair:1   | Noticed an eight-headed hydra
 17834 | Lair:1   | Noticed a six-headed hydra
 17842 | Lair:1   | Killed a six-headed hydra
 17938 | Lair:1   | Killed an eight-headed hydra
 17966 | Lair:1   | Reached skill level 1 in Evocations
 18070 | Lair:1   | Acquired Ashenzari's second power
 18256 | Lair:2   | Noticed Nergalle
 19008 | Lair:2   | Reached skill level 19 in Dodging
 21328 | Lair:3   | Reached skill level 20 in Dodging
 22032 | Lair:4   | Noticed Maud
 22113 | Lair:3   | Reached XP level 13. HP: 66/70 MP: 14/14
 22396 | Lair:4   | Acquired Ashenzari's third power
 22612 | Lair:4   | Slain by Maud

Vault maps used:
D:1:      sevenhm_arrival_forest_fort_small_6
D:2:      first_bread, nicolae_tso_carved_into_rock
D:3:      nicolae_overflow_hidden_temple, serial_undead, serial_undead_b,
          serial_undead_b, serial_undead_f, serial_undead_e
D:4:      lemuel_doored_altar, serial_shops, shop
D:5:      grunt_qazlal_clouds, gup_sewer_entry_bubbles, uniq_duvessa
D:6:      minmay_temple_entry_large_hall, minivault_27
D:7:      enter_ossuary_3, kennysheep_generic_room_6, uniq_joseph
D:8:      grunt_ogre_cave, centaur_isle
D:9:      uniq_erolcha, uniq_pikel
D:10:     hangedman_feature_mirror, uniq_maurice
D:11:     david_lair_generic
Lair:1:   infiniplex_staircase_pool_2
Lair:2:   grunt_megastairs_4, uniq_nergalle
Lair:3:   beast_lair_carwin_large_1, wad_woods_river_02, lemuel_fruit_fields,
          serial_bayou_shore_b
Lair:4:   lemuel_fruit_tree, uniq_maud
Sewer:    sewer_kobolds
Ossuary:  ossuary_zaba_two_paths

Action                   |  1- 3 |  4- 6 |  7- 9 | 10-12 | 13-15 || total
-------------------------+-------+-------+-------+-------+-------++-------
Melee: Dagger            |       |       |       |   165 |       ||   165
 Fire: Hunting sling     |   106 |   312 |   859 |  2092 |    75 ||  3444
       Blowgun           |       |       |       |    81 |     6 ||    87
Throw: Throwing net      |       |       |     1 |     4 |     1 ||     6
 Abil: Evoke Flight      |       |       |       |     1 |       ||     1
Evoke: Wand              |       |       |    14 |    19 |       ||    33
  Use: Scroll            |       |    15 |     6 |    18 |     2 ||    41
       Potion            |       |     1 |       |     3 |     1 ||     5
 Stab: Distracted        |       |       |       |     1 |       ||     1
  Eat: Fruit             |       |       |     2 |     2 |       ||     4
       Bread ration      |       |       |     1 |     1 |       ||     2
       Pizza             |       |       |       |     1 |       ||     1
